 Dungeon Crawl Stone Soup version 0.29-a0-298-g3c90f9a769 (webtiles) character file.

Game seed: 7028094965294650760

18 Ijustatesigmund the Cudgeller (level 2, -3/19 HPs)
             Began as a Gargoyle Monk on Mar 23, 2022.
             Frozen to death by an endoplasm (5 damage)
             ... on level 1 of the Dungeon.
             The game lasted 00:01:25 (163 turns).

Ijustatesigmund the Cudgeller (Gargoyle Monk)        Turns: 163, Time: 00:01:25

Health: -3/19      AC:  4    Str: 14    XL:     2   Next: 70%
Magic:  2/2        EV: 12    Int: 10    God:
Gold:   9          SH:  0    Dex: 12    Spells: 1/1 levels left

rFire   . . .      SeeInvis .   a - +0 mace
rCold   . . .      Faith    .   (no shield)
rNeg    + . .      Spirit   .   b - +0 robe
rPois   ∞          Reflect  .   (no helmet)
rElec   +          Harm     .   (no cloak)
rCorr   .          Rampage  .   (no gloves)
Will    .....                   (no boots)
Stlth   ++........              (no amulet)
HPRegen 0.06/turn               (no ring)
MPRegen 0.08/turn               (no ring)

@: no status effects
A: sickness immunity, AC +2, negative energy resistance 1, electricity
resistance, torment resistance 1, petrification resistance
a: no special abilities


You were on level 1 of the Dungeon.
You visited 1 branch of the dungeon, and saw 2 of its levels.

You collected 9 gold pieces.

Inventory:

Hand Weapons
 a - a +0 mace (weapon)
Armour
 b - a +0 robe (worn)


   Skills:
 - Level 3.2 Fighting
 + Level 3.4 Maces & Flails
 + Level 1.6 Armour
 - Level 2.4 Dodging
 - Level 2.1 Stealth


You had one spell level left.
You didn't know any spells.
Your spell library was empty.

Dungeon Overview and Level Annotations

Branches:
Dungeon (2/15)

Altars:


Innate Abilities, Weirdness & Mutations

You are immune to sickness and miasma.
Your stone body is resilient. (AC +2)
You are immune to poison.
You resist negative energy. (rN+)
You are resistant to electric shocks. (rElec)
You are resistant to unholy torment.
You are immune to petrification.


Message History

You miss the kobold.
The kobold is severely wounded.
You feel less invigorated.
You feel less confused. The bat hits you but does no damage.
The bat closely misses you. The bat barely misses you.
The kobold hits you but does no damage. The endoplasm hits you.
The jackal closely misses you. The jackal misses you.
The jackal bites you but does no damage.
The endoplasm freezes you.
You are frozen.
The kobold hits you but does no damage.
You hit the kobold.
You kill the kobold!
The bat hits you but does no damage. The jackal bites you. x2
* * * LOW HITPOINT WARNING * * *
The jackal completely misses you.
The jackal bites you but does no damage.
The jackal closely misses you.
The jackal bites you but does no damage.
The endoplasm closely misses you.
You aren't carrying any scrolls.
You aren't carrying any potions.
You hit the endoplasm.
The endoplasm is heavily wounded.
The bat hits you but does no damage.
The jackal bites you but does no damage.
The jackal barely misses you. x2; The bat misses you.
The endoplasm completely misses you.
The endoplasm hits you but does no damage.
The jackal closely misses you. The jackal bites you.
* * * LOW HITPOINT WARNING * * *
The jackal bites you but does no damage.
You hit the endoplasm.
You kill the endoplasm!
The bat closely misses you. x2
The jackal bites you but does no damage. x2
The jackal bites you.
* * * LOW HITPOINT WARNING * * *
The endoplasm freezes you.
You are frozen.
You die...

#####.#####♣.♣.#
..
#....>.....♣.♣..
..
#.....###..♣.♣...
# #.....# #..♣.
... #.....# #..♣
♣ ..
#.....###..♣.♣...
#####............
P#######J....###
......b@h..#.#
♣P....h)h..#.#
PP.........# #
P..###?...... ..
#........? #
#.........
#.........
#.......$.


You could see an endoplasm, 3 jackals and a bat.

Vanquished Creatures
  An adder (D:2)
  2 bats (D:2)
  2 endoplasms
  A jackal (D:2)
  2 kobolds (D:1)
  A ball python (D:1)
  2 goblins
11 creatures vanquished.

Notes
Turn   | Place    | Note
-------+----------+-------------------------------------------
     0 | D:1      | Ijustatesigmund the Gargoyle Monk began the quest for the
                  | Orb.
     0 | D:1      | Reached XP level 1. HP: 14/14 MP: 1/1
    44 | D:2      | Reached skill level 1 in Armour
    56 | D:2      | Reached XP level 2. HP: 19/19 MP: 2/2
   163 | D:1      | Frozen to death by an endoplasm

Illustrated notes

Levels and vault maps discovered:
D:1:      minmay_arrival_jagged, layout_basic, serial_forest,
          infiniplex_forest_clump_tiny, infiniplex_forest_straight_2,
          infiniplex_forest_straight_2, infiniplex_forest_clump_medium,
          infiniplex_forest_clump_tiny, infiniplex_forest_end_2,
          infiniplex_forest_clump_double
D:2:      layout_basic, hellmonk_ecumenical_altar_crossroads, basic_altar,
          kennysheep_generic_room_2, uniq_crazy_yiuf_cottage

Skill      XL: |  1 |
---------------+----+-----
Armour         | 1 |  1.6
Fighting       | |  3.2
Maces & Flails | |  3.4
Dodging        | |  2.4
Stealth        | |  2.1

Action                   || total
-------------------------++-------
Melee: Mace              ||    38
  Use: Potion            ||     2
Armor: Robe              ||    54
Dodge: Dodged            ||    77

Table legend: (Time is in decaauts)
 A = Elapsed time spent in this place.
 B = Non-inter-level travel time spent in this place.
 C = Inter-level travel time spent in this place.
 D = Time resting spent in this place.
 E = Time spent auto-exploring this place.
 F = Levels seen in this place.
 G = Mean time per level.
                   A        B        C        D        E       F      G
               +--------+--------+--------+--------+--------+-----+--------+
         Total |    172 |    172 |      0 |      0 |     49 |   2 |   86.0 |
       Dungeon |    172 |    172 |      0 |      0 |     49 |   2 |   86.0 |
               +--------+--------+--------+--------+--------+-----+--------+

Top non-repeatable levels by time:
     D:1: 102 daAuts
     D:2: 69 daAuts
